 Dungeon Crawl Stone Soup version 0.28-a0-653-g7e9dba17c3 (webtiles) character file.

Game seed: 3504593900271575641

250 blank1 the Skirmisher (level 6, -3/53 HPs)
             Began as a Ghoul Monk on Oct 11, 2021.
             Slain by a hornet zombie (9 damage)
             ... in an ossuary.
             The game lasted 00:09:19 (2983 turns).

blank1 the Skirmisher (Ghoul Monk)                  Turns: 2983, Time: 00:09:20

Health: -3/53      AC:  5    Str: 17    XL:     6   Next: 13%
Magic:  5/5        EV: 12    Int:  5    God:
Gold:   138        SH:  0    Dex: 11    Spells: 5/5 levels left

rFire   + . .      SeeInvis .     - Unarmed
rCold   + . .      Faith    .   (no shield)
rNeg    + + +      Spirit   .   j - +0 leather armour
rPois   ∞          Reflect  .   (no helmet)
rElec   .          Harm     .   c - +0 cloak
rCorr   .          Rampage  .   (no gloves)
Will    .....                   k - +0 pair of boots
Stlth   ++........              (no amulet)
HPRegen 0.00/turn               d - ring of protection from fire
MPRegen 0.09/turn               (no ring)

@: inhibited regen
A: claws 1, cold resistance 1, negative energy resistance 3, inhibited
regeneration, torment resistance 2
a: no special abilities


You were in an ossuary.
You visited 1 branch of the dungeon, and saw 4 of its levels.
You also visited: Ossuary.

You collected 138 gold pieces.

Inventory:

Armour
 c - a +0 cloak (worn)
 j - a +0 leather armour (worn)
 k - a +0 pair of boots (worn)
Jewellery
 d - a ring of protection from fire (left claw)
Scrolls
 b - 4 scrolls of identify
 g - a scroll of silence
 i - a scroll of teleportation {unknown}
 l - 2 scrolls of amnesia
Potions
 h - 2 potions of flight


   Skills:
 + Level 4.6 Fighting
 - Level 2.0 Armour
 - Level 4.0 Dodging
 - Level 2.1 Stealth
 + Level 4.6 Unarmed Combat


You had 5 spell levels left.
You didn't know any spells.
Your spell library contained the following spells:

 Spells                   Type           Power      Damage    Failure   Level
 Animate Skeleton         Necr           0%         N/A       54%         1
 Apportation              Tloc           0%         N/A       54%         1
 Summon Small Mammal      Summ           0%         N/A       54%         1
 Corpse Rot               Necr/Air       N/A        N/A       67%         2
 Poisonous Vapours        Pois/Air       0%         N/A       67%         2


Dungeon Overview and Level Annotations

Branches:
Dungeon (4/15)            Ossuary (1/1)
 Temple: D:4-7

Altars:

Shops:
D:2 *=


Innate Abilities, Weirdness & Mutations

You thrive by killing the living.
You are immune to poison.
You have sharp fingernails.
Your flesh is cold resistant. (rC+)
You are immune to negative energy. (rN+++)
You do not regenerate when monsters are visible.
You are immune to unholy pain and torment.


Message History

The hornet zombie is lightly damaged.
The hornet zombie hits you!
You closely miss the hornet zombie.
The hornet zombie is lightly damaged.
The hornet zombie completely misses you.
You closely miss the hornet zombie.
The hornet zombie is lightly damaged.
The hornet zombie barely misses you.
The hornet zombie hits you but does no damage.
You scratch the hornet zombie but do no damage.
The hornet zombie is lightly damaged.
The hornet zombie misses you.
You scratch the hornet zombie but do no damage.
The hornet zombie is lightly damaged.
The hornet zombie hits you!
You scratch the hornet zombie.
The hornet zombie is lightly damaged.
The hornet zombie misses you.
You scratch the hornet zombie.
The hornet zombie is lightly damaged.
The hornet zombie hits you!
You are too injured to fight recklessly!
You barely miss the hornet zombie.
The hornet zombie is lightly damaged.
The hornet zombie hits you! The hornet zombie hits you.
* * * LOW HITPOINT WARNING * * *
You closely miss the hornet zombie.
The hornet zombie is lightly damaged.
The hornet zombie hits you!
* * * LOW HITPOINT WARNING * * *
You claw the hornet zombie!
The hornet zombie is moderately damaged.
The hornet zombie misses you.
Your leather armour prevents you from hitting the hornet zombie.
The hornet zombie is moderately damaged.
The hornet zombie hits you but does no damage.
You scratch the hornet zombie.
The hornet zombie is heavily damaged.
The hornet zombie hits you!
You die...

##### #∩..#
#.∩.# #@..#
##Z##
≈Z≈≈..≈≈≈..+
.≈.#+#≈≈≈≈.#
#P#.#.# ##
#≈## ≈# ##


You could see a hornet zombie.

Vanquished Creatures
  A bullfrog zombie (Ossuary)
  Natasha (thrice) (D:3)
  A mummy (Ossuary)
  A howler monkey zombie (Ossuary)
  4 adders
  2 worms
  4 dart slugs
  An orc (D:2)
  3 endoplasms
  4 giant cockroaches
  12 goblins
  4 hobgoblins
  2 jackals (D:2)
  3 quokkas
  6 ball pythons
  8 bats
  A frilled lizard (D:1)
  10 kobolds
  6 rats
76 creatures vanquished.

Vanquished Creatures (others)
  7 withered plants (Ossuary)
7 creatures vanquished.

Grand Total: 83 creatures vanquished

Notes
Turn   | Place    | Note
-------+----------+-------------------------------------------
     0 | D:1      | blank1 the Ghoul Monk began the quest for the Orb.
     0 | D:1      | Reached XP level 1. HP: 19/19 MP: 0/0
   148 | D:1      | Reached XP level 2. HP: 7/26 MP: 1/1
   887 | D:1      | Found a faded altar of an unknown god.
  1076 | D:1      | Reached XP level 3. HP: 28/31 MP: 2/2
  1096 | D:2      | Reached skill level 1 in Armour
  1590 | D:2      | Found Wafiwn's General Store.
  1605 | D:2      | Reached XP level 4. HP: 34/40 MP: 3/3
  1723 | D:2      | Found Zoerosur's Weapon Shop.
  1780 | D:2      | Found Vopeuzo's Jewellery Shop.
  2235 | D:3      | Noticed Natasha
  2246 | D:3      | Killed Natasha
  2307 | D:3      | Reached XP level 5. HP: 30/46 MP: 4/4
  2535 | D:3      | Noticed Natasha
  2549 | D:3      | Killed Natasha
  2743 | D:3      | Noticed Natasha
  2750 | D:3      | Killed Natasha
  2850 | D:4      | Found a sand-covered staircase.
  2876 | Ossuary  | Entered an ossuary
  2949 | Ossuary  | Reached XP level 6. HP: 44/53 MP: 5/5
  2983 | Ossuary  | Slain by a hornet zombie

Illustrated notes

Levels and vault maps discovered:
D:1:      heliophobic_arrival_glass_houses, layout_loops_ring,
          shapermc_ecumenical_altar_notcrosses, minmay_tromino_mix6
D:2:      layout_rooms, serial_shops, shop, shop,
          nicolae_shop_temple_entry_statues_fountains, kennysheep_another_room
D:3:      layout_basic, chequers_jeans, uniq_natasha
D:4:      layout_basic, nicolae_ossuary_entry_false_entrances,
          supply_closet_lemuel, uniq_edmund
Ossuary:  ossuary_zaba_flooded

Skill      XL: |  1  2  3  4  5 |
---------------+----------------+-----
Dodging        | 3 4 |  4.0
Armour         | 1 2 |  2.0
Unarmed Combat | 4 |  4.6
Fighting       | 4 |  4.6
Stealth        | |  2.1

Action                   |  1- 3 |  4- 6 || total
-------------------------+-------+-------++-------
Melee: Unarmed           |   117 |   144 ||   261
       Punch             |     2 |     1 ||     3
  Use: Scroll            |       |     6 ||     6
 Stab: Sleeping          |     2 |     2 ||     4
Armor: Robe              |    28 |    23 ||    51
       Leather armour    |       |    15 ||    15
Dodge: Dodged            |    63 |    89 ||   152

Table legend: (Time is in decaauts)
 A = Elapsed time spent in this place.
 B = Non-inter-level travel time spent in this place.
 C = Inter-level travel time spent in this place.
 D = Time resting spent in this place.
 E = Time spent auto-exploring this place.
 F = Levels seen in this place.
 G = Mean time per level.
                   A        B        C        D        E       F      G
               +--------+--------+--------+--------+--------+-----+--------+
         Total |   2965 |   2910 |     55 |    532 |   1747 |   5 |  593.0 |
       Dungeon |   2860 |   2805 |     55 |    478 |   1739 |   4 |  715.0 |
       Ossuary |    104 |    104 |      0 |     54 |      8 |   1 |  104.0 |
               +--------+--------+--------+--------+--------+-----+--------+

Top non-repeatable levels by time:
     D:1: 1151 daAuts
     D:2: 902 daAuts
     D:3: 732 daAuts
 Ossuary: 104 daAuts
     D:4: 73 daAuts
